 Dungeon Crawl Stone Soup version 0.28-a0-1404-g4df0f3684d (webtiles) character file.

Game seed: 17712353201196518482

1190 oldriver the Digger (level 8, -2/66 HPs)
             Began as a Demigod Earth Elementalist on Jan 6, 2022.
             Slain by Pikel (10 damage)
             ... on level 4 of the Dungeon.
             The game lasted 00:08:48 (6557 turns).

oldriver the Digger (Demigod Earth Elementalist)    Turns: 6557, Time: 00:08:48

Health: -2/66      AC:  7    Str:  9    XL:     8   Next: 0%
Magic:  3/18       EV: 12    Int: 31    God:
Gold:   180        SH:  0    Dex: 14    Spells: 9/15 levels left

rFire   . . .      SeeInvis .   o - +4 dagger (chaos)
rCold   + . .      Faith    .   (no shield)
rNeg    . . .      Spirit   .   b - +0 robe
rPois   .          Reflect  .   f - +2 helmet
rElec   .          Harm     .   (no cloak)
rCorr   .          Rampage  .   s - +0 pair of gloves
Will    .....                   j - +0 pair of boots
Stlth   ++........              (no amulet)
HPRegen 0.21/turn               q - +6 ring of intelligence
MPRegen 0.16/turn               r - ring of protection from cold

@: mighty, very slightly contaminated, studying Armour, invisible
A: high mp 1, forlorn, divine attributes
a: no special abilities


You were on level 4 of the Dungeon.
You visited 1 branch of the dungeon, and saw 6 of its levels.

You collected 180 gold pieces.

Inventory:

Hand Weapons
 o - a +4 dagger of chaos (weapon)
Armour
 b - a +0 robe (worn)
 f - a +2 helmet (worn)
 j - a +0 pair of boots (worn)
 s - a +0 pair of gloves (worn)
 w - a +0 ring mail
Jewellery
 q - a +6 ring of intelligence (left hand)
 r - a ring of protection from cold (right hand)
Wands
 p - a wand of iceblast (14)
Scrolls
 c - 2 scrolls of identify
 h - 3 scrolls of blinking
 i - a scroll of enchant armour
Potions
 a - 2 potions of magic
 d - a potion of invisibility
 e - 2 potions of attraction
 m - a potion of lignification {unknown}
 n - a potion of mutation {unknown}


   Skills:
 + Level 4.2 Fighting
 + Level 4.2 Armour
 - Level 1.7 Dodging
 - Level 1.7 Stealth
 + Level 4.4 Spellcasting
 + Level 2.7 Conjurations
 - Level 0.8 Transmutations
 + Level 5.2 Earth Magic


You had 9 spell levels left.
You knew the following spells:

 Your Spells              Type           Power      Damage    Failure   Level
a - Sandblast             Erth           78%        2d17      1%          1
b - Passwall              Tmut/Erth      20%        N/A       2%          2
c - Stone Arrow           Conj/Erth      62%        3d10      3%          3

Your spell library contained the following spells:

 Spells                   Type           Power      Damage    Failure   Level
 Animate Skeleton         Necr           12%        N/A       6%          1
 Pain                     Necr           24%        1d5       6%          1
 Summon Small Mammal      Summ           24%        N/A       6%          1
 Dazzling Flash           Conj/Hex       30%        N/A       10%         3
 Call Canine Familiar     Summ           6%         N/A       17%         3
 Summon Guardian Golem    Hex/Summ       6%         N/A       17%         3
 Vampiric Draining        Necr           6%         2d6       17%         3
 Petrify                  Tmut/Erth      25%        N/A       17%         4
 Iskenderun's Mystic Bla  Conj/Tloc      15%        2d5       32%         4
 Starburst                Conj/Fire      7%         6d4       99%         6


Dungeon Overview and Level Annotations

Branches:
Dungeon (6/15)
 Temple: D:4-7

Shops:
D:1 :   D:5 ?

Annotations:
D:4 Pikel
D:5 Grinder


Innate Abilities, Weirdness & Mutations

You have an increased reservoir of magic. (+10% MP)
You shall have no god before yourself.
Your divine heritage dramatically boosts your attributes as you level up.


Message History

* * * LOW HITPOINT WARNING * * *
The lemure hits you.
* * * LOW HITPOINT WARNING * * *
Unknown command.
You fade into invisibility!
Pikel hits you but does no damage. The lemure hits you but does no damage.
It was a potion of heal wounds.
You feel much better.
A lemure comes into view.
Pikel completely misses you. The lemure barely misses you.
You feel much better. Pikel closely misses you. The lemure hits you.
You closely miss Pikel.
Pikel is almost dead.
Pikel hits you but does no damage. The lemure hits you but does no damage.
You hit Pikel.
Pikel flickers and vanishes!
Deactivating autopickup; reactivate with Ctrl-A.
Something hits you. The lemure barely misses you.
Unknown command.
The lemure shouts!
You hear a shout!
Something hits you.
You are electrocuted!!
The lemure hits you but does no damage.
You climb upwards.
Reactivating autopickup.
There is a stone staircase leading down here.
You hit the lemure but do no damage.
The lemure seems to grow stronger.
Deactivating autopickup; reactivate with Ctrl-A.
You closely miss something. The lemure hits you!
* * * LOW HITPOINT WARNING * * *
The lemure hits you!
* * * LOW HITPOINT WARNING * * *
It was a potion of curing.
You feel better. Something hits you.
You feel better. Something hits you!
You are electrocuted!!
* * * LOW HITPOINT WARNING * * *
You feel better. Something hits you.
* * * LOW HITPOINT WARNING * * *
It was a potion of might.
You feel very mighty all of a sudden. Something hits you!
* * * LOW HITPOINT WARNING * * *
You hit something.
You feel better. Something hits you!
You die...

#.###.##..# ####.##
#.##..##..# #.#
#......(..# #.#
#<.......## ##)## #
####.##### ##...## #
#.#### ##.....# #
#.##.## ##...##########
#.#...####...[#.........
#....5.@.'....#.####.###
##..>.####....#.#⌠)#.#..
#.#.## ##...#.#..'.'..
#.### ##..#.####.##+ #.#
##.#......... #.#
###.####.##' #.#
#.#..#†#.. #.#
#.#..'.'.. ##.## #####
###.#+##.###


You could see a lemure (strong).

Vanquished Creatures
  Sigmund (D:3)
  Duvessa (D:5)
  A black bear (D:4)
  An ogre (D:5)
  A centaur (D:4)
  A scorpion (D:3)
  Dowan (D:5)
  A howler monkey (D:5)
  A centaur zombie (D:5)
  A hound (D:4)
  An orc priest (D:3)
  5 iguanas
  Ijyb (D:5)
  4 orc wizards (D:4)
  5 gnolls
  5 adders
  An ufetubus (D:4)
  2 worms
  4 dart slugs
  13 orcs
  12 endoplasms
  4 giant cockroaches
  2 goblins
  5 hobgoblins
  4 quokkas
  6 ball pythons
  3 bats
  4 frilled lizards
  3 kobolds
  A quokka skeleton (D:4)
  A rat (D:3)
96 creatures vanquished.

Notes
Turn   | Place    | Note
-------+----------+-------------------------------------------
     0 | D:1      | oldriver the Demigod Earth Elementalist began the quest for
                  | the Orb.
     0 | D:1      | Reached XP level 1. HP: 14/14 MP: 5/5
   734 | D:1      | Reached skill level 1 in Fighting
   734 | D:1      | Reached skill level 3 in Earth Magic
   734 | D:1      | Reached XP level 2. HP: 23/23 MP: 2/7
   962 | D:1      | Found Raxtapn's Book Emporium.
  1338 | D:2      | Reached XP level 3. HP: 26/28 MP: 9/9
  2079 | D:3      | Noticed Sigmund
  2481 | D:4      | Noticed a centaur
  2502 | D:4      | Reached XP level 4. HP: 28/36 MP: 10/10
  2508 | D:4      | Killed a centaur
  2510 | D:4      | Reached XP level 5. HP: 9/42 MP: 3/12
  2807 | D:4      | Reached skill level 4 in Earth Magic
  3658 | D:4      | Noticed a black bear
  3700 | D:4      | Learned a level 2 spell: Passwall
  3704 | D:4      | Learned a level 3 spell: Stone Arrow
  3742 | D:4      | Killed a black bear
  3743 | D:4      | Reached skill level 1 in Armour
  3743 | D:4      | Reached XP level 6. HP: 37/51 MP: 9/14
  4570 | D:3      | Reached skill level 1 in Conjurations
  5007 | D:3      | Killed Sigmund
  5008 | D:3      | Reached XP level 7. HP: 52/57 MP: 2/16
  5438 | D:5      | Entered Level 5 of the Dungeon
  5438 | D:5      | Noticed Duvessa
  5438 | D:5      | Noticed Dowan
  5890 | D:5      | Found Ceeruuse's Magic Scroll Shop.
  6057 | D:5      | Killed Dowan
  6058 | D:5      | Reached skill level 5 in Earth Magic
  6144 | D:5      | Killed Duvessa
  6263 | D:5      | Noticed Ijyb
  6268 | D:5      | Killed Ijyb
  6296 | D:5      | Noticed Pikel
  6389 | D:5      | Noticed Grinder
  6436 | D:5      | Reached XP level 8. HP: 66/66 MP: 2/18
  6557 | D:4      | Slain by Pikel

Illustrated notes

Levels and vault maps discovered:
D:1:      dpeg_arrival_radiant, layout_basic, serial_shops,
          nicolae_shop_statue_plus, shapermc_ecumenical_altar_gd
D:2:      layout_loops_ring
D:3:      layout_rooms, nicolae_wu_jian_wuxing_cycle, overflow_temple_1_default,
          minmay_circle_x, uniq_sigmund
D:4:      minmay_door_path, layout_loops_corners, minmay_manual_monstrance
D:5:      layout_cave_pools, riverfiend_overflow_shadow_ancestor, serial_shops,
          shop, uniq_ijyb, uniq_grinder, uniq_duvessa, uniq_prince_ribbit1,
          uniq_pikel
D:6:      layout_cave_pools, marbit_many_paths, minitemple, serial_park,
          serial_park_gazebo [serial_park_minivault_5x5_5], serial_park_tiny_1,
          serial_park_tiny_1, serial_park_square1 [serial_park_minivault_5x5_3],
          serial_park_square3 [serial_park_minivault_5x5_5], dk_vineyard_3,
          minmay_between

Skill      XL: |  1  2  3  4  5  6  7 |
---------------+----------------------+-----
Spellcasting   | 2 3 4 |  4.4
Fighting       | 1 2 3 4 |  4.2
Earth Magic    | 3 4 5 |  5.2
Armour         | 1 2 4 |  4.2
Conjurations   | 1 2 |  2.7
Dodging        | |  1.7
Stealth        | |  1.7
Transmutations | |  0.8

Action                   |  1- 3 |  4- 6 |  7- 9 || total
-------------------------+-------+-------+-------++-------
Melee: Spear             |    50 |       |       ||    50
       Punch             |     1 |       |       ||     1
       Dagger            |       |    30 |    24 ||    54
 Cast: Sandblast         |    41 |    55 |       ||    96
       Stone Arrow       |       |     8 |    41 ||    49
  Use: Scroll            |       |     6 |     4 ||    10
       Potion            |       |       |     7 ||     7
 Stab: Sleeping          |     4 |       |     1 ||     5
Armor: Robe              |    17 |    21 |    24 ||    62
Dodge: Dodged            |    48 |    34 |    28 ||   110

Table legend: (Time is in decaauts)
 A = Elapsed time spent in this place.
 B = Non-inter-level travel time spent in this place.
 C = Inter-level travel time spent in this place.
 D = Time resting spent in this place.
 E = Time spent auto-exploring this place.
 F = Levels seen in this place.
 G = Mean time per level.
                   A        B        C        D        E       F      G
               +--------+--------+--------+--------+--------+-----+--------+
         Total |   6570 |   6215 |    355 |   1706 |   3587 |   6 | 1095.0 |
       Dungeon |   6570 |   6215 |    355 |   1706 |   3587 |   6 | 1095.0 |
               +--------+--------+--------+--------+--------+-----+--------+

Top non-repeatable levels by time:
     D:4: 2662 daAuts
     D:1: 1327 daAuts
     D:3: 1214 daAuts
     D:2: 942 daAuts
     D:5: 420 daAuts
     D:6: 2 daAuts
